 Dungeon Crawl Stone Soup version 0.32-a0-485-g70f7560b1c (webtiles) character file.

Game seed: 13736745477872053594

84 Esekla the Sneak (level 4, -5/31 HPs)
             Began as an Octopode Delver on Feb 26, 2024.
             Was an Initiate of Gozag.
             Succumbed to Robin's poison
             ... on level 2 of the Dungeon on Feb 27, 2024.
             The game lasted 00:12:37 (2049 turns).

Esekla the Sneak (Octopode Delver)                  Turns: 2049, Time: 00:12:37

Health: -5/31      AC:  1    Str: 11    XL:     4   Next: 46%
Magic:  6/6        EV: 13    Int: 14    God:    Gozag
Gold:   416        SH:  0    Dex: 13    Spells: 6/6 levels left

rFire   . . .        a - +0 falchion
rCold   . . .        (no shield)
rNeg    . . .        (helmet restricted)
rPois   .            (no amulet)
rElec   .            k - ring of wizardry
rCorr   .            (no ring)
SInv    .            (no ring)
Will    .....        (no ring)
Stlth   ++++         (no ring)
HPRegen 0.25/turn    (no ring)
MPRegen 0.10/turn    (no ring)
                     (no ring)

%: wizardry (x1)
@: brilliant, lethally poisoned (-5 -> -31), gold aura
A: almost no armour, amphibious, 8 rings, camouflage 1, gelatinous body 1,
(nimble swimmer 1), tentacles
a: Renounce Religion, Potion Petition, Call Merchant, Bribe Branch


You were on level 2 of the Dungeon.
You worshipped Gozag.
Gozag was aware of your devotion.
You visited 2 branches of the dungeon, and saw 6 of its levels.

You collected 429 gold pieces.
You paid 13 gold pieces to Gozag.

Inventory:

Hand Weapons
 a - a +0 falchion (weapon)
 s - a +0 dagger of flaming
Missiles
 h - 3 poisoned darts (quivered)
Jewellery
 k - a ring of wizardry (left tentacle)
 n - an amulet of guardian spirit
Wands
 f - a wand of digging (2)
Scrolls
 b - a scroll of fog
 c - 2 scrolls of vulnerability {unknown}
 d - a scroll of fear
 i - 3 scrolls of identify {unknown}
 m - a scroll of teleportation {unknown}
 o - a scroll of silence {unknown}
Potions
 e - a potion of haste
 g - a potion of mutation {unknown}
 j - a potion of brilliance
 l - a potion of curing {unknown}


   Skills:
 * Level 3.4 Fighting
 + Level 2.4 Long Blades
 * Level 2.4 Dodging
 + Level 7.3 Stealth
 * Level 1.6 Spellcasting


You had 6 spell levels left.
You didn't know any spells.
Your spell library contained the following spells:

 Spells                   Type           Power      Damage    Failure   Level
 Sandblast                Erth           2%         2d4       11%         1
 Passwall                 Erth           1%         N/A       28%         3
 Stone Arrow              Conj/Erth      2%         3d7       28%         3
 Brom's Barrelling Bould  Conj/Erth      1%         2d3       65%         4


Dungeon Overview and Level Annotations

Branches:
Dungeon (5/15)             Temple (1/1) D:5

Altars:
Ashenzari
Dithmenos
Elyvilon
Fedhas
Gozag
Hepliaklqana
Kikubaaqudgha
Makhleb
Okawaru
Qazlal
Ru
Uskayaw
Vehumet
Xom
The Shining One

Annotations:
D:4 Ijyb


Innate Abilities, Weirdness & Mutations

You cannot wear most types of armour.
You are amphibious.
You can wear up to eight rings at the same time.
Your skin changes colour to match your surroundings (Stealth+).
Your rubbery body absorbs attacks. (AC +1, EV +1)
((You are camouflaged when in or above water. (Stealth+)))
You have tentacles for arms and can constrict up to eight enemies at once.


Message History

The jackal completely misses you.
You hit the jackal but do no damage. You grab the jackal.
You constrict the jackal.
The jackal is distracted by your dazzling golden aura.
You slash the jackal!
You kill the jackal!
You closely miss the hobgoblin. You grab the hobgoblin.
You constrict the hobgoblin, but do no damage.
Robin is no longer distracted by gold.
The hobgoblin hits you.
You slash the hobgoblin!
You kill the hobgoblin!
Robin barely misses you.
Robin hits you with a +2 spear of venom.
You are poisoned.
You see here 14 gold pieces.
You hit Robin. Your grab misses Robin.
Robin is lightly wounded.
You feel very sick.
Robin hits you with a +2 spear of venom.
You are lethally poisoned!
You hit Robin. You grab Robin. Your squeeze misses Robin.
Robin is heavily wounded.
You constrict Robin.
You feel very sick.
Robin hits you with a +2 spear of venom.
You hit Robin. You squeeze Robin, but do no damage.
Robin is severely wounded.
You constrict Robin.
* * * LOW HITPOINT WARNING * * *
You feel very sick.
Robin hits you with a +2 spear of venom!
* * * LOW HITPOINT WARNING * * *
You are more poisoned.
Robin barely misses you.
It was a potion of brilliance.
You feel clever all of a sudden.
You constrict Robin.
You kill Robin!
You die...
Your body crumbles into a pile of gold.

## .. ######### ###.
#.......# ### ...
#@#####.# #.. #.####$##$#
#.########.# ..........#
#........... #..>......#
#....#...##.
#..##..##.#####...........
# #.. #.................
#.. ####.#####......#. ...
# # #.#....#. ##..
#.##...#.


There were no monsters in sight!

Vanquished Creatures
  Robin (D:2)
  2 adders
  3 dart slugs
  4 ball pythons
  2 endoplasms
  6 hobgoblins
  11 jackals
  4 kobolds
  3 bats
  5 frilled lizards
  11 goblins
  5 rats
57 creatures vanquished.

Notes
Turn   | Place    | Note
-------+----------+-------------------------------------------
     0 | D:5      | Esekla the Octopode Delver began the quest for the Orb.
     0 | D:5      | Reached XP level 1. HP: 16/16 MP: 1/1
    42 | D:5      | Noticed an iguana
    69 | D:5      | Noticed an ogre
   100 | D:5      | Found a staircase to the Ecumenical Temple.
   109 | Temple   | Entered the Ecumenical Temple
   122 | Temple   | Became a worshipper of Gozag Ym Sagoz the Greedy
   254 | D:4      | Noticed Ijyb
   272 | D:3      | Reached XP level 2. HP: 12/21 MP: 2/2
   283 | D:3      | HP: 1/21 [jackal (3)]
   387 | D:3      | Found a burning altar of Makhleb.
   486 | D:3      | Reached skill level 7 in Stealth
   629 | D:3      | Reached skill level 1 in Spellcasting
   629 | D:3      | Reached XP level 3. HP: 17/26 MP: 2/4
   722 | D:2      | Noticed Robin
   846 | D:1      | Found a faded altar of an unknown god.
  1593 | D:2      | Reached XP level 4. HP: 31/31 MP: 6/6
  1602 | D:2      | Found a shadowy altar of Dithmenos.
  2048 | D:2      | HP: 1/31 [Robin/+2 spear of venom (7)]
  2049 | D:2      | Killed Robin
  2049 | D:2      | Succumbed to Robin's poison

Illustrated notes

Levels and vault maps discovered:
D:1:      lemuel_arrival_room, layout_loops_ring,
          hellmonk_ecumenical_altar_arch_garden, moated_statue
D:2:      layout_loops_ring, basic_altar, uniq_robin
D:3:      layout_loops_ring, mainiacjoe_overflow_boulevard,
          mainiacjoe_overflow_paths, uniq_natasha
D:4:      wad_river_or_something, layout_basic, gammafunk_ghost_arena, uniq_ijyb
D:5:      layout_cave_pods, nicolae_overflow_hidden_temple,
          minmay_temple_entry_waves, kennysheep_dice
Temple:   dshaligram_water_room_temple

Skill      XL: |  1  2 |
---------------+-------+-----
Stealth        | 7 |  7.3
Spellcasting   | 1 |  1.6
Fighting       | |  3.4
Long Blades    | |  2.4
Dodging        | |  2.4

Action                     |  1- 3 |  4- 6 || total
---------------------------+-------+-------++-------
  Melee: Falchion          |    73 |    22 ||    95
         Constrict         |    21 |     8 ||    29
         Tentacles         |    13 |     6 ||    19
         Dagger            |     1 |     3 ||     4
  Throw: Dart              |     3 |       ||     3
  Evoke: Wand              |     1 |       ||     1
    Use: Scroll            |     1 |       ||     1
         Potion            |       |     1 ||     1
   Stab: Sleeping          |     7 |     3 ||    10
 Armour: Skin              |    42 |    11 ||    53
  Dodge: Dodged            |    46 |    11 ||    57

Table legend: (Time is in decaauts)
 A = Elapsed time spent in this place.
 B = Non-inter-level travel time spent in this place.
 C = Inter-level travel time spent in this place.
 D = Time resting spent in this place.
 E = Time spent auto-exploring this place.
 F = Levels seen in this place.
 G = Mean time per level.
                   A        B        C        D        E       F      G
               +--------+--------+--------+--------+--------+-----+--------+
         Total |   2068 |   2038 |     30 |    257 |    396 |   6 |  344.7 |
       Dungeon |   2041 |   2024 |     17 |    257 |    396 |   5 |  408.2 |
        Temple |     26 |     13 |     13 |      0 |      0 |   1 |   26.0 |
               +--------+--------+--------+--------+--------+-----+--------+

Top non-repeatable levels by time:
     D:1: 819 daAuts
     D:2: 515 daAuts
     D:3: 471 daAuts
     D:5: 180 daAuts
     D:4: 54 daAuts
  Temple: 26 daAuts
